 Dungeon Crawl Stone Soup version 0.26-a0-651-gb41185065b (webtiles) character file.

Game seed: 9774432297354096454

2325 Irenicus the Carver (level 9, -3/105 HPs)
             Began as a Minotaur Chaos Knight on Oct 29, 2020.
             Was a Plaything of Xom.
             Slain by a hippogriff (6 damage)
             ... on level 7 of the Dungeon.
             The game lasted 00:09:05 (4978 turns).

Irenicus the Carver (Minotaur Chaos Knight)         Turns: 4978, Time: 00:09:05

Health: -3/105     AC:  6    Str: 16    XL:     9   Next: 19%
Magic:  8/8        EV: 11    Int:  9    God:    Xom [.*....]
Gold:   301        SH:  0    Dex: 14    Spells: 8/8 levels left

rFire    . . .     SeeInvis .   a - +0 falchion (chaos)
rCold    . . .     Faith    .   (no shield)
rNeg     . . .     Spirit   .   y - +0 ring mail
rPois    .         Reflect  .   (helmet restricted)
rElec    .         Harm     .   c - +0 cloak
rCorr    +         Rampage  .   (no gloves)
MR       .....     Rnd*Tele +   (no boots)
Stlth    ..........             (no amulet)
HPRegen  0.27/turn              j - ring of resist corrosion
MPRegen  0.11/turn              C - ring of teleportation

@: berserking, very quick
A: retaliatory headbutt, horns 2
a: Renounce Religion


You were on level 7 of the Dungeon.
You worshipped Xom.
You were a plaything of Xom.
You visited 1 branch of the dungeon, and saw 7 of its levels.

You collected 301 gold pieces.

Inventory:

Hand Weapons
 a - a +0 falchion of chaos (weapon)
Missiles
 t - a throwing net {=f, !d}
Armour
 c - a +0 cloak (worn)
   (You found it on level 1 of the Dungeon)
 y - a +0 ring mail (worn)
   (You found it on level 5 of the Dungeon)
Jewellery
 j - a ring of resist corrosion (left hand)
   (You found it on level 2 of the Dungeon)
 C - a ring of teleportation (right hand)
   (You found it on level 6 of the Dungeon)
Wands
 z - a wand of digging (2)
   (You took it off Pikel on level 5 of the Dungeon)
Scrolls
 d - 6 scrolls of identify
 e - 5 scrolls of remove curse
 g - 3 scrolls of blinking {unknown}
 h - 2 scrolls of enchant armour {unknown}
 i - 2 scrolls of enchant weapon {unknown}
 k - 2 scrolls of fear {unknown}
 l - a scroll of immolation {unknown}
 n - 7 scrolls of random uselessness {unknown}
 r - a scroll of magic mapping {unknown}
 w - 3 scrolls of teleportation {unknown}
 D - a scroll of amnesia {unknown}
Potions
 f - 2 potions of mutation {unknown}
 m - a potion of brilliance {unknown}
 o - 2 potions of flight {unknown}
 p - 2 potions of curing
 s - a potion of magic {unknown}
 v - a potion of ambrosia {unknown}
 A - a potion of cancellation {unknown}


   Skills:
 - Level 3.6 Fighting
 + Level 14.3 Long Blades
 - Level 2.4 Armour
 - Level 1.1 Dodging


You had 8 spell levels left.
You didn't know any spells.
Your spell library contained the following spells:

 Spells                   Type           Power        Failure   Level
 Beastly Appendage        Tmut           #.....       58%         1
 Wereblood                Tmut           #.......     75%         2
 Spider Form              Tmut/Pois      #.........   92%         3
 Ice Form                 Ice/Tmut       #.......     100%        4
 Blade Hands              Tmut           #.........   100%        5


Dungeon Overview and Level Annotations

Branches:
Dungeon (7/15)             Temple (0/1) D:6

Altars:
Elyvilon
Kikubaaqudgha
Makhleb
Qazlal
Trog
Xom
Yredelemnul

Shops:
D:5 [


Innate Abilities, Weirdness & Mutations

You reflexively headbutt those who attack you in melee.
You have a pair of horns on your head.


Message History

You finish putting on your +0 ring mail.
You regained 3 hp, and now have 26/70 hp.
Drop what? 27/52 slots (_ for help) (? for menu, Esc to quit)
You drop a +2 leather armour.
You climb downwards.
The shadow imp hits you.
There is a stone staircase leading up here.
You take 2 damage, and have 24/70 hp.
You barely miss the shadow imp. The shadow imp gestures at you.
Pain shoots through your body!
* * * LOW HITPOINT WARNING * * *
You take 3 damage, and have 21/70 hp.
You hit the shadow imp but do no damage.
The shadow imp seems to grow stronger.
You headbutt the shadow imp.
The shadow imp is lightly wounded.
The shadow imp hits you.
* * * LOW HITPOINT WARNING * * *
You take 2 damage, and have 19/70 hp.
You closely miss the shadow imp. You headbutt the shadow imp.
The shadow imp is heavily wounded.
You barely miss the shadow imp. Your headbutt misses the shadow imp.
The shadow imp is heavily wounded.
The shadow imp hits you.
* * * LOW HITPOINT WARNING * * *
You take 5 damage, and have 15/70 hp.
You hit the shadow imp.
Lightning courses through the shadow imp!
You kill the shadow imp!
You hit the orc but do no damage. The orc hits you.
* * * LOW HITPOINT WARNING * * *
You take 1 damage, and have 14/70 hp.
You hit the orc but do no damage. The orc closely misses you.
You riposte.
You closely miss the orc.
You climb upwards.
There is a stone staircase leading down here.
Things that are here:
a +2 leather armour; a cursed -1 ring mail You hit the orc but do no damage.
Lightning courses through the orc!
You kill the orc!
Things that are here:
a +0 leather armour; an orc corpse
There is a staircase to the Ecumenical Temple here.
You regained 9 hp, and now have 24/70 hp.
There is a stone staircase leading down here.
You regained 5 hp, and now have 29/70 hp.
You climb downwards.
The white imp shouts!
Found an escape hatch in the ceiling.
There is a stone staircase leading up here.
The white imp shouts, "Get thee hence, thou fawning earth-vexing cud-chewer!"
The white imp hits you but does no damage.
You hit the white imp.
The white imp suddenly seems more agile.
Xom thinks this is hilarious!
You headbutt the white imp, but do no damage.
The white imp is lightly wounded.
The white imp hits you but does no damage.
You miss the white imp.
The white imp is lightly wounded.
The hippogriff screeches!
You miss the white imp.
The white imp is lightly wounded.
The white imp closely misses you.
You hit the white imp but do no damage. You headbutt the white imp.
The white imp is heavily wounded.
The white imp hits you. The white imp freezes you.
You take 4 damage, and have 26/70 hp.
You miss the white imp. You headbutt the white imp.
The white imp is almost dead.
You hit the white imp. You burn the white imp.
You kill the white imp!
Evoke which item? (* to show all) (? for menu, Esc to quit)
Okay, then.
You hit the hippogriff. You freeze the hippogriff.
The hippogriff is lightly wounded.
You completely miss the hippogriff.
The hippogriff is lightly wounded.
The hippogriff bites you!
* * * LOW HITPOINT WARNING * * *
The hippogriff pecks you.
* * * LOW HITPOINT WARNING * * *
The hippogriff closely misses you.
You take 16 damage, and have 11/70 hp.
MASSIVE DAMAGE!!
You hit the hippogriff. You freeze the hippogriff.
The hippogriff is moderately wounded.
The hippogriff barely misses you.
You riposte.
You closely miss the hippogriff. You headbutt the hippogriff.
The hippogriff is heavily wounded.
The hippogriff pecks you.
* * * LOW HITPOINT WARNING * * *
The hippogriff claws you.
* * * LOW HITPOINT WARNING * * *
You take 6 damage, and have 5/70 hp.
It was a potion of berserk rage.
A red film seems to cover your vision as you go berserk!
You feel yourself moving faster!
You feel mighty! The hippogriff bites you.
* * * LOW HITPOINT WARNING * * *
The hippogriff completely misses you. The hippogriff claws you.
You die...
Xom titters!

#####.# ...... .#
#<....# ## ....$ .#
####### .# .# ## ....
..# #..../ .# .# ...#.##
... ..# ....H. .+ ...
..... ..#... #.....
.##.... ..... #.#.##.##
######
.......##.##.###........
.####........<..@H....#
.# #.....##..###..<...#
.# #.#.#.##..##........
.####...#........#...###
....#..........#.#...#
..#.#...#.####.# .....
..#.#...[.# ... ..#..
.##'###.######## # ..###
.†...)))).......


You could see a hippogriff.

Vanquished Creatures
  Pikel (D:5)
  3 sky beasts
  An orc warrior (D:7)
  4 ogres
  A phantom (D:6)
  A centaur (D:7)
  Blork the orc (D:5)
  2 bullfrogs
  A wyvern skeleton (D:4)
  2 hounds
  3 orc priests (D:7)
  A jelly (D:7)
  Ijyb (D:3)
  4 orc wizards
  4 worker ants
  A killer bee zombie (D:6)
  A hound skeleton (D:6)
  6 gnolls
  13 adders
  2 shadow imps
  3 white imps
  3 oozes
  2 adder skeletons
  3 worms (D:2)
  A dart slug (D:1)
  3 leopard geckos
  27 orcs
  3 giant cockroaches (D:2)
  5 goblins
  7 hobgoblins
  9 jackals
  3 quokkas
  A ball python (D:1)
  3 bats
  5 frilled lizards
  9 kobolds
  A leopard gecko skeleton (D:5)
  8 rats
149 creatures vanquished.

Vanquished Creatures (collateral kills)
  An adder (D:5)
1 creature vanquished.

Grand Total: 150 creatures vanquished

Notes
Turn   | Place    | Note
-------+----------+-------------------------------------------
     0 | D:1      | Irenicus the Minotaur Chaos Knight began the quest for the
                  | Orb.
     0 | D:1      | Reached XP level 1. HP: 19/19 MP: 0/0
   101 | D:1      | Reached skill level 4 in Long Blades
   148 | D:1      | Reached XP level 2. HP: 26/26 MP: 1/1
   230 | D:1      | XOM: silly message
   459 | D:1      | Reached skill level 5 in Long Blades
   496 | D:2      | Reached XP level 3. HP: 25/31 MP: 2/2
   588 | D:2      | Reached skill level 6 in Long Blades
   588 | D:2      | Reached XP level 4. HP: 33/39 MP: 3/3
   749 | D:2      | Found a shimmering altar of Xom.
   998 | D:2      | XOM: silly message
  1254 | D:2      | Found a burning altar of Makhleb.
  1263 | D:2      | Noticed a bullfrog
  1263 | D:2      | a hound changed into a bullfrog
  1264 | D:2      | Killed a bullfrog
  1264 | D:2      | Reached skill level 7 in Long Blades
  1264 | D:2      | Reached XP level 5. HP: 39/45 MP: 4/4
  1459 | D:3      | Noticed Ijyb
  1467 | D:3      | Killed Ijyb
  1689 | D:3      | Found a stormy altar of Qazlal.
  1726 | D:3      | Found a bloodstained altar of Trog.
  1772 | D:3      | Reached skill level 8 in Long Blades
  2042 | D:3      | XOM: enchant monster (bad)
  2053 | D:3      | Reached XP level 6. HP: 41/51 MP: 5/5
  2322 | D:4      | XOM: 1-stop teleportation journey
  2360 | D:4      | XOM: silly message
  2403 | D:4      | Reached skill level 9 in Long Blades
  2558 | D:4      | Found an ancient bone altar of Kikubaaqudgha.
  2565 | D:4      | HP: 11/51 [wyvern skeleton (13)]
  2571 | D:4      | HP: 11/51 [wyvern skeleton (4)]
  2572 | D:4      | HP: 4/51 [wyvern skeleton (3)]
  2579 | D:4      | Reached XP level 7. HP: 19/57 MP: 6/6
  2635 | D:5      | Entered Level 5 of the Dungeon
  2707 | D:5      | XOM: scenery: summon butterflies
  2712 | D:5      | XOM: swap monsters
  2722 | D:5      | XOM: enchant monster (good)
  2731 | D:5      | Noticed Pikel
  2744 | D:5      | HP: 11/57 [something (5)]
  2745 | D:5      | HP: 5/57 [lemure[Pikel] (2)]
  2746 | D:5      | Killed Pikel
  2746 | D:5      | Reached skill level 11 in Long Blades
  3088 | D:5      | Reached XP level 8. HP: 61/64 MP: 7/7
  3166 | D:5      | Found a white marble altar of Elyvilon.
  3243 | D:5      | Noticed Blork the orc
  3244 | D:5      | Found a basalt altar of Yredelemnul.
  3253 | D:5      | HP: 14/64 [jackal (3)]
  3253 | D:5      | HP: 3/64 [sky beast (6)]
  3268 | D:5      | Reached skill level 12 in Long Blades
  3269 | D:5      | Killed Blork the orc
  3369 | D:5      | Found Vinuf's Armour Boutique.
  3470 | D:6      | XOM: summons friendly crimson imp
  3486 | D:6      | Found a staircase to the Ecumenical Temple.
  3509 | D:6      | HP: 16/64 [sky beast (5)]
  3535 | D:6      | Reached skill level 13 in Long Blades
  3610 | D:6      | XOM: 1-stop teleportation journey
  3611 | D:6      | XOM: divination: detect items
  4028 | D:6      | XOM: enchant monster (bad)
  4035 | D:6      | XOM: silly message
  4664 | D:7      | Noticed a hippogriff
  4702 | D:7      | Reached XP level 9. HP: 60/70 MP: 8/8
  4718 | D:7      | XOM: silly message
  4727 | D:7      | HP: 16/70 [orc priest/+0 short sword (3)]
  4728 | D:7      | Reached skill level 14 in Long Blades
  4733 | D:7      | HP: 8/70 [something (3)]
  4736 | D:7      | HP: 1/70 [something (4)]
  4750 | D:7      | HP: 14/70 [something (2)]
  4799 | D:7      | HP: 17/70 [acid (1)]
  4819 | D:7      | HP: 17/70 [adder (2)]
  4827 | D:7      | HP: 17/70 [poisoned by an adder]
  4858 | D:7      | XOM: confuse monster(s)
  4890 | D:7      | HP: 15/70 [shadow imp (5)]
  4976 | D:7      | HP: 17/70 [hippogriff (10)]
  4977 | D:7      | HP: 8/70 [hippogriff (3)]
  4978 | D:7      | HP: 3/105 [hippogriff (5)]
  4978 | D:7      | Slain by a hippogriff

Illustrated notes

Levels and vault maps discovered:
D:1:      minmay_arrival_diagonal_passages, layout_basic
D:2:      layout_basic, xom_teletrap_fun, makhleb_blood_cavern_becter
D:3:      layout_basic, old_standard_altar, marbit_many_paths, uniq_ijyb
D:4:      layout_cave_pools, kiku_gazebo_pond_becter
D:5:      layout_cave_pools, old_standard_altar, serial_shops,
          kennysheep_little_box, serial_glass, glass_columns_b, glass_columns_a,
          elyvilon_altar_3, uniq_pikel, uniq_blork_the_orc
D:6:      layout_layer_cave, minmay_temple_entry_sparse_star
D:7:      layout_basic, basic_altar

Skill      XL: |  1  2  3  4  5  6  7  8  9 |
---------------+----------------------------+-----
Long Blades    | 4 5 6 7 8 9 11 13 14 | 14.3
Fighting       | |  3.6
Armour         | |  2.4
Dodging        | |  1.1

Action                   |  1- 3 |  4- 6 |  7- 9 || total
-------------------------+-------+-------+-------++-------
Melee: Falchion          |    53 |   148 |   215 ||   416
       Headbutt          |     8 |    22 |    47 ||    77
  Use: Potion            |       |     4 |     7 ||    11
       Scroll            |       |       |     2 ||     2
 Stab: Paralysed         |       |     3 |     3 ||     6
       Sleeping          |       |     1 |       ||     1
       Petrified         |       |       |     6 ||     6
       Invisible         |       |       |     7 ||     7
       Petrifying        |       |       |     2 ||     2
Armor: Leather armour    |    20 |    40 |    20 ||    80
       Ring mail         |       |       |    46 ||    46
Dodge: Dodged            |    48 |    78 |    94 ||   220
       Rpst.: Falchion   |    18 |    20 |    30 ||    68

Table legend: (Time is in decaauts)
 A = Elapsed time spent in this place.
 B = Non-inter-level travel time spent in this place.
 C = Inter-level travel time spent in this place.
 D = Time resting spent in this place.
 E = Time spent auto-exploring this place.
 F = Levels seen in this place.
 G = Mean time per level.
                   A        B        C        D        E       F      G
               +--------+--------+--------+--------+--------+-----+--------+
         Total |   4894 |   4701 |    193 |    513 |   3252 |   7 |  699.1 |
       Dungeon |   4894 |   4701 |    193 |    513 |   3252 |   7 |  699.1 |
               +--------+--------+--------+--------+--------+-----+--------+

Top non-repeatable levels by time:
     D:6: 1247 daAuts
     D:2: 899 daAuts
     D:5: 817 daAuts
     D:3: 721 daAuts
     D:4: 512 daAuts
     D:1: 491 daAuts
     D:7: 205 daAuts

Table legend:
 A = Kills in this place as a percentage of kills in entire the game.
 B = Kills by you in this place as a percentage of kills by you in the entire game.
 C = Kills by friends in this place as a percentage of kills by friends in the entire game.
 D = Other kills in this place as a percentage of other kills in the entire game.
 E = Experience gained in this place as a percentage of experience gained in the entire game.
 F = Experience gained in this place divided by the number of levels of this place that you have seen.
                   A       B       C       D       E      F
               +-------+-------+-------+-------+-------+----------------------
         Total | 100.0 | 100.0 | 100.0 |   N/A | 100.0 | 474.6
       Dungeon | 100.0 | 100.0 | 100.0 |   N/A | 100.0 | 474.6
               +-------+-------+-------+-------+-------+----------------------
